 Dungeon Crawl Stone Soup version 0.26.0-10-g1f06aea511 (webtiles) character file.

Game seed: 14702874540986421328

78351 HoaS the Warrior (level 16, -9/136 HPs)
             Began as a Formicid Fighter on Jan 12, 2021.
             Was the Champion of Makhleb.
             Killed from afar by Jorgrun (16 damage)
             ... with an iron shot
             ... while petrified by Jorgrun
             ... on level 2 of the Orcish Mines on Jan 14, 2021.
             The game lasted 00:52:12 (22227 turns).

HoaS the Warrior (Formicid Fighter)                Turns: 22227, Time: 00:52:12

Health: -9/136     AC: 21    Str: 35    XL:     16   Next: 8%
Magic:  16/16      EV:  2    Int:  9    God:    Makhleb [******]
Gold:   2144       SH:  0    Dex: 19    Spells: 15/15 levels left

rFire    + . .     SeeInvis +   a - +1 quarterstaff
rCold    . . .     Faith    .   c - +1 kite shield
rNeg     + + +     Spirit   .   O - +5 scale mail of Vampiric Thralls {rElec rF+ Dex+5}
rPois    ∞         Reflect  .   (helmet unavailable)
rElec    +         Harm     .   I - +1 cloak
rCorr    .         Rampage  .   M - +2 pair of gloves
Will     +....                  y - +0 pair of boots
Stlth    ..........             h - amulet of the acrobat
HPRegen  0.32/turn              t - +6 ring of strength
MPRegen  0.15/turn              s - +6 ring of strength

@: mighty, lethally poisoned (-9 -> -9), petrified
A: permanent stasis, dig shafts and tunnels, four strong arms, antennae 3
a: Dig, Shaft Self, Renounce Religion, Minor Destruction, Lesser Servant of
Makhleb, Major Destruction, Greater Servant of Makhleb


You were on level 2 of the Orcish Mines.
You worshipped Makhleb.
Makhleb was exalted by your worship.
You visited 4 branches of the dungeon, and saw 24 of its levels.
You also visited: Sewer and Volcano.

You collected 2144 gold pieces.

Inventory:

Hand Weapons
 a - a +1 quarterstaff (weapon)
Armour
 c - a +1 kite shield (worn)
 y - a +0 pair of boots (worn)
 I - a +1 cloak (worn)
 K - a scarf of resistance
 M - a +2 pair of gloves (worn)
 O - the +5 scale mail of Vampiric Thralls (worn) {rElec rF+ Dex+5}
   (You found it in a volcano)

   It affects your dexterity (+5).
   It protects you from fire.
   It insulates you from electricity.
Jewellery
 e - an uncursed ring of willpower
 h - an amulet of the acrobat (around neck)
 l - a +6 ring of intelligence
 s - a +6 ring of strength (right hand)
 t - a +6 ring of strength (left hand)
 H - an uncursed ring of poison resistance
Wands
 o - a wand of flame (20)
 p - a wand of polymorph (20)
 w - a wand of random effects (49)
 x - a wand of iceblast (36)
 B - a wand of digging (9)
 E - a wand of paralysis (17)
 F - a wand of acid (1) (quivered)
 J - a wand of enslavement (8)
Scrolls
 b - a scroll of enchant armour
 g - 2 scrolls of fear
 i - 11 scrolls of remove curse
 m - 5 scrolls of enchant weapon
 r - 4 scrolls of identify
 v - 2 scrolls of magic mapping
 C - 4 scrolls of fog
Potions
 d - 5 potions of might
 f - 2 potions of invisibility
 j - 3 potions of heal wounds
 k - 3 potions of flight
 n - 13 potions of curing
 q - a potion of cancellation
 u - 3 potions of mutation
 z - 4 potions of lignification
 A - 2 potions of ambrosia
 D - a potion of resistance {unknown}
 L - 2 potions of attraction


   Skills:
 - Level 15.0 Fighting
 - Level 15.0 Staves
 + Level 11.4 Armour
 + Level 10.8 Dodging
 + Level 11.8 Shields


You had 15 spell levels left.
You didn't know any spells.
Your spell library contained the following spells:

 Spells                   Type           Power        Failure   Level
 Beastly Appendage        Tmut           0%           54%         1
 Corona                   Hex            0%           54%         1
 Freeze                   Ice            0%           54%         1
 Summon Small Mammal      Summ           0%           54%         1
 Call Imp                 Summ           0%           69%         2
 Ensorcelled Hibernation  Hex/Ice        0%           69%         2
 Wereblood                Tmut           0%           69%         2
 Call Canine Familiar     Summ           0%           89%         3
 Confusing Touch          Hex            0%           89%         3
 Dazzling Flash           Conj/Hex       0%           89%         3
 Frozen Ramparts          Ice            0%           89%         3
 Gell's Gravitas          Tloc           0%           89%         3
 Ozocubu's Armour         Ice            0%           89%         3
 Spider Form              Tmut/Pois      0%           89%         3
 Summon Guardian Golem    Hex/Summ       0%           89%         3
 Tukima's Dance           Hex            0%           89%         3
 Hailstorm                Conj/Ice       0%           100%        4
 Ice Form                 Ice/Tmut       0%           100%        4
 Petrify                  Tmut/Erth      0%           100%        4
 Summon Ice Beast         Ice/Summ       0%           100%        4
 Summon Lightning Spire   Summ/Air       0%           100%        4
 Blade Hands              Tmut           0%           100%        5
 Bolt of Magma            Conj/Fire/Erth 0%           100%        5
 Iskenderun's Battlesphe  Conj           0%           100%        5
 Metabolic Englaciation   Hex/Ice        0%           100%        5
 Yara's Violent Unravell  Hex/Tmut       0%           100%        5
 Iron Shot                Conj/Erth      0%           100%        6
 Orb of Destruction       Conj           0%           100%        7
 Spellforged Servitor     Conj/Summ      0%           100%        7


Dungeon Overview and Level Annotations

Branches:
Dungeon (15/15)            Temple (1/1) D:5            Lair (6/6) D:11
  Swamp (0/4) Lair:4       Spider (0/4) Lair:2        Slime (0/5) Lair:6
    Orc (2/2) D:11            Elf (0/3) Orc:2         Sewer (visited)
Volcano (visited)
 Vaults: D:13-14     Depths: D:15

Altars:
Ashenzari
Cheibriados
Dithmenos
Elyvilon
Fedhas
Gozag
Hepliaklqana
Kikubaaqudgha
Makhleb
Nemelex Xobeh
Okawaru
Qazlal
Ru
Sif Muna
Trog
Uskayaw
Vehumet
Wu Jian
Xom
Yredelemnul
Zin
The Shining One
Beogh

Shops:
D:7 =[[

Annotations:
Orc:2 Jorgrun


Innate Abilities, Weirdness & Mutations

You cannot be hasted, slowed, berserked, paralysed or teleported.
You can dig through walls and to a lower floor.
Your four strong arms can wield two-handed weapons with a shield.
You have a pair of large antennae on your head. (SInv)


Message History

The orc knight hits you with a +0 great mace.
Jorgrun hits you with a +0 vorpal quarterstaff!
The orc warrior barely misses you.
You have turned to stone.
Jorgrun hits you but does no damage.
The orc knight hits you with a +0 great mace!!
* * * LOW HITPOINT WARNING * * *
The orc warrior hits you from afar with a +0 glaive.
* * * LOW HITPOINT WARNING * * *
The orc warrior hits you but does no damage.
Jorgrun hits you but does no damage.
The orc knight hits you with a +0 great mace!
* * * LOW HITPOINT WARNING * * *
The orc hits you but does no damage.
The orc warrior hits you from afar with a +0 glaive!!
* * * LOW HITPOINT WARNING * * *
The orc warrior hits you with a +1 glaive of venom!
* * * LOW HITPOINT WARNING * * *
Jorgrun casts a spell at you. The iron shot hits you!!
You die...

....##.# #..o#.o#.##
....##.# ###'#.....#
#....#.#.......#.#...##
###.##.#.......#.#.o..#
####.##.._..##....#...#
#.#########...o# .....
#...^.....oo#..# .###
#########.og#..# # #.
#@#..# #. #oo..# #
#.#..# #.#.## #.### #.#
###


You could see Jorgrun, an orc knight, 2 orc warriors and 2 orcs.

Vanquished Creatures
  Gastronok (Lair:2)
  An orc warlord (Orc:2)
  Erolcha (D:11)
  4 boulder beetles
  4 hydras
  An ice dragon (Lair:6)
  2 catoblepae
  A two-headed ogre (D:13)
  9 death yaks
  An orc high priest (Orc:2)
  Sonja (D:10)
  A salamander mystic (Volcano)
  A hell knight (Volcano)
  An obsidian statue (Volcano)
  2 unseen horrors
  2 bog bodies (Lair:4)
  3 lindwurms
  5 orc knights
  An ugly thing (D:12)
  3 deep elf magi (D:12)
  A harpy (shapeshifter) (D:14)
  2 manticores (Lair:6)
  3 orc sorcerers
  2 salamanders (Volcano)
  A moth of wrath (D:9)
  2 elephants (Lair:6)
  A black mamba (shapeshifter) (D:15)
  2 centaur zombies (D:12)
  13 cane toads
  4 black mambas
  Joseph (D:8)
  3 gargoyles
  Maurice (D:9)
  7 torpor snails (Lair:6)
  2 rime drakes (Lair:6)
  15 komodo dragons
  2 jumping spiders (Lair:2)
  6 trolls
  8 hornets
  4 polar bears
  Prince Ribbit (D:8)
  4 tyrant leeches (Lair:6)
  13 blink frogs
  3 dream sheep (Lair:6)
  5 redbacks (Lair:2)
  A wraith (D:12)
  6 fire bats (Volcano)
  54 yaks
  2 basilisks
  4 wyverns
  Grum (D:8)
  A steam dragon (D:8)
  5 wargs
  2 swamp worms (Lair:4)
  11 water moccasins
  33 orc warriors
  2 sky beasts
  An eye of draining (D:8)
  5 ice beasts
  2 black bears
  7 ogres
  7 centaurs
  2 necrophages
  19 wolves
  6 big kobolds
  11 bullfrogs
  3 scorpions
  8 killer bees
  A wight (D:6)
  5 electric eels
  4 howler monkeys
  7 lava snakes (Volcano)
  A bullfrog zombie (D:12)
  A quasit (D:11)
  9 hounds
  21 orc priests
  3 bullfrog skeletons
  18 jellies
  32 orc wizards
  2 centaur skeletons
  12 worker ants
  Natasha (D:2)
  5 hell rats (Lair:2)
  2 iguanas (D:11)
  A hound zombie (D:8)
  2 hound skeletons
  A howler monkey zombie (D:7)
  2 worker ant zombies
  9 adders
  4 gnolls (D:7)
  A howler monkey skeleton (D:4)
  3 river rats (Sewer)
  2 shadow imps (D:8)
  A white imp (D:6)
  An ufetubus (D:7)
  2 oozes
  An adder skeleton (D:8)
  2 adder zombies
  8 worms
  4 dart slugs
  5 leopard geckos
  102 orcs
  11 ball pythons
  7 giant cockroaches
  4 goblins
  11 hobgoblins
  4 jackals (D:3)
  28 kobolds
  4 quokkas
  8 bats
  5 frilled lizards
  A leopard gecko zombie (D:6)
  A quokka skeleton (D:8)
  A quokka zombie (D:5)
  29 rats
733 creatures vanquished.

Vanquished Creatures (others)
  An eye of draining (D:12)
  17 fungi
  46 plants
64 creatures vanquished.

Grand Total: 797 creatures vanquished

Notes
Turn   | Place    | Note
-------+----------+-------------------------------------------
     0 | D:1      | HoaS the Formicid Fighter began the quest for the Orb.
     0 | D:1      | Reached XP level 1. HP: 18/18 MP: 1/1
    50 | D:1      | Reached XP level 2. HP: 17/24 MP: 2/2
   310 | D:1      | Reached XP level 3. HP: 25/29 MP: 3/3
   703 | D:2      | Reached XP level 4. HP: 35/35 MP: 4/4
  1029 | D:2      | Noticed Natasha
  1052 | D:2      | Killed Natasha
  1053 | D:2      | Reached XP level 5. HP: 24/41 MP: 5/5
  1640 | D:3      | Found a glowing drain.
  1696 | Sewer    | Entered a sewer
  1972 | Sewer    | Reached skill level 5 in Shields
  2220 | Sewer    | Noticed a big kobold
  2220 | Sewer    | Noticed a big kobold
  2220 | Sewer    | Noticed a big kobold
  2232 | Sewer    | Killed a big kobold
  2233 | Sewer    | Reached skill level 5 in Staves
  2233 | Sewer    | Reached XP level 6. HP: 30/47 MP: 6/6
  2254 | Sewer    | Reached XP level 7. HP: 24/52 MP: 7/7
  3898 | D:4      | Reached XP level 8. HP: 34/58 MP: 8/8
  4111 | D:4      | Found a shadowy altar of Dithmenos.
  4326 | D:5      | Entered Level 5 of the Dungeon
  4424 | D:5      | HP: 1/58 [orc warrior/+0 mace (14)]
  4635 | D:5      | Found a staircase to the Ecumenical Temple.
  4707 | Temple   | Entered the Ecumenical Temple
  5033 | Temple   | Became a worshipper of Makhleb the Destroyer
  5766 | D:6      | Reached XP level 9. HP: 62/64 MP: 9/9
  6005 | D:7      | Found Suicoset's Jewellery Shop.
  6331 | D:7      | Found Fal Nocoir's Antique Armour Shoppe.
  6474 | D:7      | Reached * piety under Makhleb
  6615 | D:7      | Found Kamepnym's Armour Emporium.
  6658 | D:7      | Reached skill level 10 in Staves
  7013 | D:8      | Reached XP level 10. HP: 35/70 MP: 10/10
  7222 | D:8      | Noticed Prince Ribbit
  7237 | D:8      | Killed Prince Ribbit
  7337 | D:8      | Noticed Grum
  7368 | D:8      | Killed Grum
  7691 | D:8      | Noticed Joseph
  7710 | D:8      | Killed Joseph
  8517 | D:9      | You fall into a shaft and drop 3 floors!
  8596 | D:12     | Reached ** piety under Makhleb
  8629 | D:10     | Entered Level 10 of the Dungeon
  8699 | D:10     | Found a stormy altar of Qazlal.
  8737 | D:9      | Reached XP level 11. HP: 56/75 MP: 11/11
  8788 | D:9      | Noticed Maurice
  8809 | D:9      | Killed Maurice
  9125 | D:9      | Reached skill level 1 in Dodging
  9424 | D:9      | Noticed a moth of wrath
  9427 | D:9      | Found a bloodstained altar of Trog.
  9434 | D:9      | Killed a moth of wrath
  9654 | D:10     | Reached skill level 5 in Fighting
  9717 | D:10     | Noticed an unseen horror
  9725 | D:10     | Killed an unseen horror
  9961 | D:10     | Noticed Sonja
  9968 | D:10     | Killed Sonja
 10160 | D:11     | Reached *** piety under Makhleb
 10161 | D:11     | Reached skill level 5 in Armour
 10203 | D:11     | Found a staircase to the Lair.
 10319 | D:11     | Noticed an orc knight
 10337 | D:11     | Killed an orc knight
 10378 | D:11     | Found a roughly hewn altar of Beogh.
 10378 | D:11     | Found a staircase to the Orcish Mines.
 10424 | D:11     | Reached **** piety under Makhleb
 10697 | D:11     | Reached XP level 12. HP: 91/91 MP: 12/12
 10735 | D:11     | Noticed Erolcha
 10737 | D:11     | Noticed a boulder beetle
 10750 | D:11     | Killed Erolcha
 10770 | D:11     | Killed a boulder beetle
 10846 | Lair:1   | Entered Level 1 of the Lair of Beasts
 11809 | Lair:2   | Reached skill level 5 in Dodging
 11976 | Lair:2   | Reached skill level 10 in Fighting
 12083 | Lair:2   | Found a hole to the Spider Nest.
 12198 | Lair:2   | Noticed Gastronok
 12281 | Lair:2   | Killed Gastronok
 12282 | Lair:2   | Reached XP level 13. HP: 105/105 MP: 13/13
 12959 | Lair:3   | Noticed a seven-headed hydra
 12975 | Lair:3   | Killed a seven-headed hydra
 13002 | Lair:3   | Reached ***** piety under Makhleb
 13296 | Lair:3   | Noticed a boulder beetle
 13320 | Lair:3   | Killed a boulder beetle
 14093 | Lair:4   | Noticed a catoblepas
 14137 | Lair:4   | Killed a catoblepas
 15182 | Lair:4   | Found a staircase to the Swamp.
 15212 | Lair:4   | Reached XP level 14. HP: 106/118 MP: 14/14
 16002 | Lair:6   | Entered Level 6 of the Lair of Beasts
 17078 | Lair:6   | Found a staircase to the Slime Pits.
 17366 | Lair:6   | Found a runed translucent door.
 17459 | Lair:6   | Reached skill level 10 in Shields
 17544 | Lair:6   | Reached ****** piety under Makhleb
 17621 | Lair:6   | Reached XP level 15. HP: 114/127 MP: 15/15
 17713 | Lair:6   | Reached skill level 10 in Armour
 18716 | Lair:6   | Reached skill level 10 in Dodging
 19773 | D:12     | You fall into a shaft and drop 2 floors!
 19797 | D:14     | You fall into a shaft and drop 1 floor!
 19797 | D:15     | Entered Level 15 of the Dungeon
 19981 | D:13     | Reached skill level 15 in Fighting
 20179 | Orc:1    | Entered Level 1 of the Orcish Mines
 20246 | Orc:2    | Entered Level 2 of the Orcish Mines
 20246 | Orc:2    | Found a staircase to the Elven Halls.
 20246 | Orc:2    | Found a roughly hewn altar of Beogh.
 20453 | Orc:1    | Upgraded the game from 0.26-b1-32-g5d43845318 to
                  | 0.26.0-10-g1f06aea511
 20944 | Orc:2    | Found a dark tunnel.
 20953 | Volcano  | Entered a volcano
 21208 | Volcano  | Reached skill level 15 in Staves
 21208 | Volcano  | Found a burning altar of Makhleb.
 21581 | Volcano  | Got a pitted scale mail
 21615 | Volcano  | Identified the +5 scale mail of Vampiric Thralls {rElec rF+
                  | Dex+5} (You found it in a volcano)
 21801 | Orc:2    | Reached XP level 16. HP: 136/136 MP: 16/16
 22047 | Orc:2    | Found a roughly hewn altar of Beogh.
 22112 | Orc:2    | Found a roughly hewn altar of Beogh.
 22176 | Orc:2    | Found a roughly hewn altar of Beogh.
 22176 | Orc:2    | Noticed Jorgrun
 22227 | Orc:2    | Killed from afar by Jorgrun

Illustrated notes

Levels and vault maps discovered:
D:1:      wander_arrival_chamber, layout_rooms
D:2:      layout_loops_ring, kennysheep_generic_room_7, uniq_natasha
D:3:      layout_loops_corners, cheibrodos_sewer_entry_bend
D:4:      layout_cave_pools, grunt_dithmenos_smoke
D:5:      layout_rooms, minmay_temple_entry_ruins
D:6:      layout_gridville, kennysheep_potato
D:7:      layout_cave_pods, serial_shops, shop, shop, nicolae_shop_trees
D:8:      layout_rooms, minmay_chambers_of_fives, uniq_prince_ribbit1,
          uniq_joseph, uniq_grum
D:9:      layout_basic, tgw_trog, uniq_maurice
D:10:     layout_long_grid, basic_altar, uniq_sonja
D:11:     layout_roguey, erik_lair_orcish_takeover, david_orc_5, uniq_erolcha
D:12:     cheibrodos_barr_body, layout_rooms, minivault_10, eino_tiny_chamber,
          patterned_corridor
D:13:     layout_roguey, serial_shops,
          nicolae_shop_temple_entry_statues_fountains, special_room
          [special_room_bee], uniq_azrael, uniq_rupert
D:14:     minmay_the_grid_octo_2x2 [minmay_the_grid_octo_chip,
          minmay_the_grid_octo_thin_diamonds, minmay_the_grid_octo_horde,
          minmay_the_grid_octo_prize_ultimate_mussel_roller], layout_loops_ring,
          david_vaults_3, minmay_door_square, uniq_josephine, uniq_snorg
D:15:     grunt_enter_depths_snipers, layout_basic, hangedman_decor_push,
          special_room [special_room_orc]
Temple:   roderic_octagonal_lattice_temple
Lair:1:   layout_cave_shapes, serial_bayou_shore_a
Lair:2:   layout_gridlike, nicolae_spider_entry_tight_spaces, uniq_gastronok
Lair:3:   layout_small_grid, minivault_23
Lair:4:   layout_long_grid, nicolae_swamp_entry_splash_gauntlet
Lair:5:   layout_gridlike, minmay_holes, nicolae_quartered_pool_little
Lair:6:   wormcave, layout_regular_city, hangedman_lair_in_review,
          minmay_slime_entry_jelly_boxes
Orc:1:    layout_diamond_mine, basic_altar, mines_bat_river
Orc:2:    grunt_orc_community_town_hall, layout_caves,
          grunt_orc_community_big_house_2, grunt_orc_community_big_house_2,
          grunt_orc_community_house_2, grunt_orc_community_house_3,
          grunt_orc_community_house_2, grunt_orc_community_house_2,
          grunt_orc_community_house_2, basic_altar,
          nicolae_volcano_entry_vermiform, uniq_jorgrun

Skill      XL: |  1  2  3  4  5  6  7  8  9 10 11 12 13 14 15 |
---------------+----------------------------------------------+-----
Shields        | 4 5 6 8 9 10 11 | 11.8
Staves         | 3 4 5 7 8 11 13 14 15 | 15.0
Fighting       | 7 10 13 14 15 | 15.0
Dodging        | 3 6 7 9 10 | 10.8
Armour         | 5 8 9 11 | 11.4

Action                   |  1- 3 |  4- 6 |  7- 9 | 10-12 | 13-15 | 16-18 || total
-------------------------+-------+-------+-------+-------+-------+-------++-------
Melee: Quarterstaff      |    95 |   198 |   444 |   945 |  1805 |   127 ||  3614
 Abil: Dig               |       |       |     2 |     7 |    26 |     2 ||    37
       Shaft Self        |       |       |       |       |     1 |       ||     1
Evoke: Wand              |       |       |       |     7 |       |       ||     7
  Use: Scroll            |     6 |     2 |     9 |    10 |     7 |       ||    34
       Potion            |       |       |     4 |       |       |     2 ||     6
 Stab: Petrifying        |       |       |       |       |     1 |       ||     1
       Distracted        |       |       |       |       |       |     1 ||     1
Armor: Scale mail        |    29 |    72 |    36 |       |     6 |    21 ||   164
       Chain mail        |       |       |    46 |    18 |       |       ||    64
       Plate armour      |       |       |       |   179 |   345 |       ||   524
Dodge: Dodged            |    21 |    89 |   110 |   189 |   422 |    21 ||   852
Block: Kite shield       |    48 |   122 |   198 |   468 |   800 |    33 ||  1669
